 Dungeon Crawl Stone Soup version 0.29.1-12-g30fa7ad0bf (webtiles) character file.

Game seed: 9983875967119217156

4998 adizb the Grappler (level 10, -2/100 HPs)
             Began as a Troll Berserker on Nov 26, 2022.
             Was a Priest of Trog.
             Succumbed to a water moccasin's poison
             ... on level 7 of the Dungeon on Dec 22, 2022.
             The game lasted 00:27:16 (5674 turns).

adizb the Grappler (Troll Berserker)                Turns: 5674, Time: 00:27:17

Health: -2/100     AC:  5    Str: 31    XL:     10   Next: 29%
Magic:  9/9        EV: 11    Int:  3    God:    Trog [***...]
Gold:   443        SH:  5    Dex:  9    Spells: 9/9 levels left

rFire   . . .      SeeInvis .     - Unarmed
rCold   . . .      Faith    .   (no shield)
rNeg    . . .      Spirit   .   a - +1 animal skin
rPois   +          Reflect  +   (helmet restricted)
rElec   .          Harm     .   (no cloak)
rCorr   .          Rampage  .   (gloves unavailable)
Will    ++...                   (boots unavailable)
Stlth   +.........              j - amulet of reflection
HPRegen 2.06/turn               h - ring of poison resistance
MPRegen 0.11/turn               (no ring)

@: lethally poisoned (-2 -> -21), strong-willed, on berserk cooldown,
regenerating, slowed, very slow
A: large, unfitting armour, claws 3, regeneration 1, shaggy fur 1, tough skin 1
a: Renounce Religion, Berserk, Trog's Hand


You were on level 7 of the Dungeon.
You worshipped Trog.
Trog was most pleased with you.
You visited 1 branch of the dungeon, and saw 7 of its levels.
You also visited: Bailey.

You collected 443 gold pieces.

Inventory:

Missiles
 p - 7 boomerangs (quivered)
Armour
 a - a +1 animal skin (worn)
Jewellery
 h - a ring of poison resistance (left claw)
 j - an amulet of reflection (around neck)
Wands
 l - a wand of mindburst (4)
 s - a wand of quicksilver (10)
 u - a wand of polymorph (22)
 z - a wand of flame (31)
Scrolls
 b - a scroll of blinking {unknown}
 k - 5 scrolls of teleportation
 q - a scroll of poison {unknown}
 v - a scroll of magic mapping
 x - 2 scrolls of immolation {unknown}
 y - a scroll of fear {unknown}
Potions
 c - 3 potions of curing
 d - 4 potions of haste
 e - 2 potions of flight {unknown}
 f - a potion of cancellation {unknown}
 g - 2 potions of attraction
 i - 3 potions of mutation
 m - 3 potions of resistance
 n - 3 potions of lignification {unknown}
 o - 2 potions of brilliance {unknown}
 r - a potion of degeneration {unknown}
 t - a potion of might {unknown}
Miscellaneous
 w - a lightning rod (4/4)


   Skills:
 + Level 6.9 Fighting
 + Level 6.8 Dodging
 * Level 11.2 Unarmed Combat


You had 9 spell levels left.
You didn't know any spells.
Your spell library was empty.

Dungeon Overview and Level Annotations

Branches:
Dungeon (7/15)             Temple (0/1) D:6          Bailey (visited)

Altars:
Ashenzari
Elyvilon
Ru
Sif Muna
Trog
Vehumet
The Shining One

Shops:
D:3 ((?   D:4 =

Annotations:
D:7 1 transporter


Innate Abilities, Weirdness & Mutations

You are too large for most types of armour.
You have claws for hands.
Your natural rate of healing is unusually fast.
You are covered in fur. (AC +1)
You have tough skin. (AC +1)


Message History

Trog accepts your kill.
You feel very sick. The water moccasin closely misses you.
The gnoll sergeant zombie closely misses you.
The water moccasin barely misses you.
You closely miss the water moccasin.
The water moccasin is almost dead.
You feel very sick. The water moccasin bites you.
* * * LOW HITPOINT WARNING * * *
You closely miss the water moccasin.
The water moccasin is almost dead.
You feel very sick. The water moccasin bites you.
* * * LOW HITPOINT WARNING * * *
The gnoll sergeant zombie closely misses you.
The gnoll sergeant zombie misses you.
You are too berserk!
You claw the water moccasin!
You kill the water moccasin!
Trog accepts your kill.
You feel very sick. The water moccasin bites you.
* * * LOW HITPOINT WARNING * * *
You are lethally poisoned!
The water moccasin poisons you!
You claw the water moccasin!
The water moccasin is moderately wounded.
* * * LOW HITPOINT WARNING * * *
You feel very sick. The water moccasin bites you.
* * * LOW HITPOINT WARNING * * *
The gnoll sergeant zombie hits you from afar with a +1 spear of venom!
* * * LOW HITPOINT WARNING * * *
You miss the water moccasin.
The water moccasin is moderately wounded.
You are no longer berserk.
You are exhausted.
You feel yourself slow down.
You die...

....#########..#....##
....#.......<.#....##
....#..#########...#
.........#.○°○○###############
....#.####°○°°°#☼○.○○°##.....##
)...#.####°☼°○○#.°○○°.#.......##
......#..#)$○☼ZZ.#.#○☼#........#
......<.©#©/☼°○††..©°○#©...>...#
.........#)[°.○○@#.#..#........#
......#..#°○°°°#S°○○☼°#...†....#
.....###.#°°°○.#☼☼°°°○#........#
.....# ###○○○.○########........#
.....### ####### ............##
..#....# #.#.#.# ....#.<...##
.##.##.###...#.###############
.....................#
....#...#............#


You could see a water moccasin and 2 gnoll sergeant zombies.

Vanquished Creatures
  2 orc knights (Bailey)
  A troll (D:6)
  Sigmund (D:5)
  Eustachio (D:4)
  3 yaks (D:7)
  3 water moccasins (D:7)
  A black bear (D:6)
  10 orc warriors
  An ice beast (D:5)
  2 sky beasts (D:7)
  3 ogres
  2 kobold brigands (D:6)
  The ghost of shoemetal68 the Digger, an amateur GrEE of Yredelemnul (D:3)
  A bullfrog (D:7)
  A scorpion (D:5)
  3 necrophages
  4 hounds
  3 orc priests
  Terence (D:2)
  5 orc wizards
  3 iguanas
  6 gnolls (D:3)
  An orc zombie (D:7)
  12 adders
  2 white imps
  2 worms (D:2)
  A dart slug (D:3)
  40 orcs
  6 endoplasms
  3 giant cockroaches
  9 goblins
  6 hobgoblins
  15 kobolds
  3 quokkas
  5 ball pythons
  5 bats
  4 frilled lizards
  9 rats
181 creatures vanquished.

Notes
Turn   | Place    | Note
-------+----------+-------------------------------------------
     0 | D:1      | adizb the Troll Berserker began the quest for the Orb.
     0 | D:1      | Reached XP level 1. HP: 22/22 MP: 0/0
    51 | D:1      | Found a faded altar of an unknown god.
   256 | D:1      | Reached XP level 2. HP: 29/29 MP: 1/1
   853 | D:2      | Reached XP level 3. HP: 36/36 MP: 2/2
   903 | D:2      | Reached ** piety under Trog
  1164 | D:2      | Reached skill level 4 in Unarmed Combat
  1239 | D:2      | Noticed Terence
  1264 | D:2      | HP: 1/36 [Terence/+0 morningstar (8)]
  1274 | D:2      | Killed Terence
  1275 | D:2      | Reached XP level 4. HP: 16/45 MP: 3/3
  1585 | D:2      | Upgraded the game from 0.29.1-2-gbd0b4ee654 to
                  | 0.29.1-12-g30fa7ad0bf
  1610 | D:3      | Found Rekih's Weapon Boutique.
  1713 | D:3      | Reached XP level 5. HP: 49/53 MP: 4/4
  1782 | D:3      | Found Socleklo's Weapon Shop.
  1993 | D:3      | Reached skill level 5 in Unarmed Combat
  2007 | D:3      | Reached *** piety under Trog
  2031 | D:3      | Found Nempurus's Magic Scroll Shop.
  2195 | D:3      | Found a runed translucent gate.
  2196 | D:3      | Found a runed translucent gate.
  2199 | D:3      | Found a runed translucent gate.
  2202 | D:3      | Noticed shoemetal68's ghost (amateur GrEE)
  2213 | D:3      | Killed shoemetal68's ghost
  2214 | D:3      | Reached XP level 6. HP: 61/61 MP: 5/5
  2777 | D:4      | Noticed Eustachio
  2808 | D:4      | Killed Eustachio
  2809 | D:4      | Reached skill level 6 in Unarmed Combat
  2809 | D:4      | Reached XP level 7. HP: 56/70 MP: 6/6
  2923 | D:4      | Found Itoh's Jewellery Emporium.
  3172 | D:4      | Found a shimmering blue altar of Sif Muna.
  3184 | D:4      | Found a sacrificial altar of Ru.
  3189 | D:4      | Found a bloodstained altar of Trog.
  3194 | D:4      | Found a glowing golden altar of the Shining One.
  3470 | D:5      | Entered Level 5 of the Dungeon
  3481 | D:5      | Reached skill level 7 in Unarmed Combat
  3547 | D:5      | Found a white marble altar of Elyvilon.
  3647 | D:5      | Reached XP level 8. HP: 71/79 MP: 7/7
  3703 | D:5      | Noticed Sigmund
  3715 | D:5      | Killed Sigmund
  3847 | D:6      | Noticed a troll
  3855 | D:6      | Killed a troll
  3856 | D:6      | Reached skill level 5 in Fighting
  3856 | D:6      | Reached skill level 5 in Dodging
  3856 | D:6      | Reached skill level 8 in Unarmed Combat
  3939 | D:6      | Found a radiant altar of Vehumet.
  3939 | D:6      | Found a broken altar of Ashenzari.
  3988 | D:6      | Reached **** piety under Trog
  4169 | D:6      | Found a staircase to the Ecumenical Temple.
  4430 | D:6      | Reached XP level 9. HP: 78/86 MP: 8/8
  4592 | D:7      | Found a transporter.
  4604 | D:7      | Reached skill level 9 in Unarmed Combat
  4767 | D:7      | Identified the +5 hand axe of Conservatism {vorpal, rPois
                  | rF++ rC- Int-4}
  4796 | D:7      | Found a flagged portal.
  4805 | Bailey   | Entered a bailey
  4894 | Bailey   | Reached skill level 10 in Unarmed Combat
  4899 | Bailey   | Noticed an orc knight
  4979 | Bailey   | Noticed an orc knight
  5025 | Bailey   | Killed an orc knight
  5059 | Bailey   | Reached XP level 10. HP: 50/100 MP: 9/9
  5081 | Bailey   | HP: 2/100 [orc knight/+0 halberd (21)]
  5142 | Bailey   | Killed an orc knight
  5235 | Bailey   | Reached skill level 11 in Unarmed Combat
  5621 | D:7      | Found a transporter.
  5673 | D:7      | HP: 3/150 [gnoll sergeant zombie/+1 spear of venom (8)]
  5674 | D:7      | Succumbed to a water moccasin's poison

Illustrated notes

Levels and vault maps discovered:
D:1:      nzn_arrival_settlement, layout_basic,
          chequers_ecumenical_altar_island, nrook_loot_triangle,
          solitary_fountain, minmay_liquid_box, grunt_decor_fettered
D:2:      layout_basic, minmay_tall_x, uniq_terence
D:3:      layout_loops_ring, gammafunk_ghost_split, serial_shops,
          nicolae_shop_waterfront, nicolae_shop_temple_entry_statues_fountains,
          nicolae_shop_trees, eino_tiny_chamber
D:4:      layout_basic, grunt_temple_overflow_cloverleaf,
          minmay_shop_enchanted_jewellery, columned_hall_lemuel, sigmund_army,
          uniq_eustachio
D:5:      layout_rooms, elyvilon_altar_3, uniq_sigmund
D:6:      layout_basic, gammafunk_temple_overflow_pools, temple_hall
D:7:      gammafunk_cloud_chamber, layout_rooms, enter_bailey_8

Skill      XL: |  1  2  3  4  5  6  7  8  9 10 |
---------------+-------------------------------+-----
Unarmed Combat | 4 5 6 7 8 10 11 | 11.2
Fighting       | 3 4 5 6 |  6.9
Dodging        | 3 4 5 6 |  6.8

Action                   |  1- 3 |  4- 6 |  7- 9 | 10-12 || total
-------------------------+-------+-------+-------+-------++-------
Melee: Unarmed           |   107 |   133 |   240 |    46 ||   526
       Punch             |       |     1 |     9 |     1 ||    11
Invok: Berserk           |       |     1 |     2 |     1 ||     4
       Trog's Hand       |       |     1 |     5 |     2 ||     8
       Brothers in Arms  |       |       |     1 |       ||     1
  Use: Potion            |     2 |       |       |       ||     2
       Scroll            |     1 |     5 |     1 |       ||     7
 Stab: Sleeping          |     1 |     1 |       |       ||     2
Armor: Animal skin       |    33 |    30 |    49 |     2 ||   114
Dodge: Dodged            |    39 |    55 |   101 |    21 ||   216
Block: Other             |    16 |    19 |    45 |    11 ||    91
       Reflection        |       |     2 |     2 |       ||     4
